 Dungeon Crawl Stone Soup version 0.25-a0-942-g87a53962fc (webtiles) character file.

Game seed: 3183521910232190184, levelgen mode: deterministic

674 Chiseanne the Magician (level 7, -6/46 HPs)
             Began as a Demonspawn Wanderer on May 7, 2020.
             Was an Initiate of Vehumet.
             Mangled by an orc warrior
             ... wielding a +0 mace
              (16 damage)
             ... on level 6 of the Dungeon.
             The game lasted 00:20:37 (4721 turns).

Chiseanne the Magician (Demonspawn Wanderer)        Turns: 4721, Time: 00:20:37

Health: -6/46      AC:  9    Str:  8    XL:     7   Next: 33%
Magic:  5/15       EV: 16    Int: 17    God:    Vehumet [......]
Gold:   298        SH:  0    Dex: 13    Spells: 14/17 levels left

rFire    . . .     SeeInvis .   a - +5 whip
rCold    . . .     Gourm    .   (no shield)
rNeg     . . .     Faith    .   w - +3 leather armour "Vir Zesu" {rPois Str-2 Stlth+}
rPois    +         Spirit   .   (no helmet)
rElec    .         Reflect  .   (no cloak)
rCorr    .         Harm     .   (no gloves)
MR       .....                  q - +2 pair of boots
Stlth    ++........             (no amulet)
HPRegen  0.15/turn              l - ring of flight
MPRegen  0.14/turn              t - ring of flight

@: very slightly contaminated
A: repulsion field 2, rot immunity
a: Renounce Religion, Evoke Flight


You were on level 6 of the Dungeon.
You worshipped Vehumet.
Vehumet was noncommittal.
You were hungry.

You visited 2 branches of the dungeon, and saw 7 of its levels.

You collected 298 gold pieces.

Inventory:

Hand Weapons
 a - a +5 whip (weapon)
Missiles
 b - 119 arrows
 g - 4 boomerangs
 h - 107 stones (quivered)
 j - 28 poisoned darts
 k - 68 sling bullets
 n - 2 throwing nets {!*}
Armour
 q - a +2 pair of boots (worn)
 w - the +3 leather armour "Vir Zesu" (worn) {rPois Str-2 Stlth+}
   (You found it on level 4 of the Dungeon)

   It affects your strength (-2).
   It protects you from poison.
   It makes you more stealthy.
Jewellery
 l - a ring of flight (left hand)
 t - a ring of flight (right hand)
Wands
 u - a wand of acid (4)
Scrolls
 p - 2 scrolls of identify
 r - 2 scrolls of teleportation
 s - 3 scrolls of remove curse
 v - a scroll of amnesia
Potions
 c - 2 potions of curing
 d - a potion of flight
 e - a potion of heal wounds
 i - a potion of haste
 m - a potion of magic
 o - a potion of might
Comestibles
 f - 9 rations


   Skills:
 - Level 1.0 Throwing
 * Level 1.1 Armour
 * Level 3.8 Dodging
 - Level 1.0 Stealth
 * Level 5.8 Spellcasting
 * Level 4.9 Conjurations
   Level 1.0 Transmutations
   Level 1.0 Fire Magic


You had 14 spell levels left.
You knew the following spells:

 Your Spells              Type           Power        Failure   Level  Hunger
a - Magic Dart            Conj           ###.         2%          1    None
b - Searing Ray           Conj           ###...       3%          2    #......

Your spell library contained the following spells:

 Spells                   Type           Power        Failure   Level  Hunger
 Shock                    Conj/Air       ##..         7%          1    None
 Dazzling Flash           Conj/Hex       ##....       21%         3    ##.....
 Static Discharge         Conj/Air       ##......     21%         3    ##.....
 Fulminant Prism          Conj/Hex       ##........   54%         4    ####...
 Iskenderun's Mystic Bla  Conj/Tloc      ##......     54%         4    ####...


Dungeon Overview and Level Annotations

Branches:
Dungeon (6/15)             Temple (1/1) D:5

Altars:
Ashenzari
Cheibriados
Dithmenos
Elyvilon
Makhleb
Qazlal
Ru
Sif Muna
Vehumet
Xom
Yredelemnul
Zin
Lugonu

Annotations:
D:4 Edmund, Grinder
D:6 Prince Ribbit


Innate Abilities, Weirdness & Mutations

You are surrounded by a moderate repulsion field. (EV +3)
You are immune to rotting.


Message History

The orc warrior is severely wounded.
You finish channeling your searing ray.
The orc warrior hits you with a +0 mace!!
The orc warrior hits you with a +0 mace!
* * * LOW HITPOINT WARNING * * *
Casting: Searing Ray (safe; 3% risk of failure)
Confirm with . or Enter, or press ? or * to list all spells.
Aiming: Searing Ray (safe; 3% risk of failure)
Press: ? - help, Shift-Dir - straight line, f/p - orc warrior
Aim: an orc warrior, wielding a +0 mace and wearing a +2 chain mail of fire resistance (severely wounded)
The searing ray hits the orc warrior.
The orc warrior is severely wounded. (Press . to maintain the ray.)
The orc wizard shouts!
The orc warrior hits you with a +0 mace.
* * * LOW HITPOINT WARNING * * *
The searing ray hits the orc warrior but does no damage.
The orc warrior is severely wounded.
The orc warrior hits you with a +0 mace!
You die...

...#####.....#.###.##
......########..##.#####
..........# ##..#.....#
..........# #.o#.....#
..........# #..#.....#
#.######### #.....o..#####
#.......#### #..#.........#
...........# ##o#.###.#.#.######
......#...## #.@...............#
......#.#######..#.#.###.######.#
..........#........#.# #.##...#.#
........#.#.#####..#####.##.....#
......#.#...# #..##.##.#....###
..........### #.>......#..###
......#.### ##..#....#.##
......#.#### ##..........#
#..........# ###......#.##.#


You could see an orc warrior and 2 orc wizards.

Vanquished Creatures
  A phantom (D:5)
  A centaur (D:5)
  2 scorpions
  An orc priest (D:5)
  2 orc wizards (D:4)
  Jessica (D:3)
  An iguana (D:4)
  2 worker ants
  7 gnolls (D:2)
  5 adders
  2 shadow imps (D:5)
  An adder skeleton (D:4)
  2 worms
  4 dart slugs
  2 leopard geckos
  15 orcs
  4 bats
  5 giant cockroaches
  6 goblins
  9 hobgoblins
  3 quokkas
  A frilled lizard (D:1)
  4 kobolds
  8 rats
89 creatures vanquished.

Notes
Turn   | Place    | Note
-------+----------+-------------------------------------------
     0 | D:1      | Chiseanne the Demonspawn Wanderer began the quest for the
                  | Orb.
     0 | D:1      | Chiseanne set off with the following items: a +0 dagger, a
                  | potion of curing, a +0 robe, a ration; and the following
                  | spells available to memorise: Magic Dart, Shock, Searing
                  | Ray, Dazzling Flash, Static Discharge, Fulminant Prism,
                  | Iskenderun's Mystic Blast
     0 | D:1      | Reached XP level 1. HP: 13/13 MP: 5/5
     3 | D:1      | Learned a level 1 spell: Magic Dart
   319 | D:1      | Gained mutation: You are surrounded by a mild repulsion
                  | field. (EV +2) [demonic ancestry]
   319 | D:1      | Reached XP level 2. HP: 15/19 MP: 5/7
   591 | D:2      | Learned a level 2 spell: Searing Ray
   691 | D:1      | Reached XP level 3. HP: 24/24 MP: 5/8
  1022 | D:2      | Reached skill level 1 in Dodging
  1173 | D:2      | Reached XP level 4. HP: 30/30 MP: 2/10
  1485 | D:2      | Gained mutation: You are immune to rotting. [demonic
                  | ancestry]
  1485 | D:2      | Reached XP level 5. HP: 26/35 MP: 0/12
  1693 | D:3      | Found a shimmering altar of Xom.
  1723 | D:3      | Found a snail-covered altar of Cheibriados.
  1870 | D:3      | Noticed Jessica
  1876 | D:3      | Killed Jessica
  2018 | D:3      | Reached skill level 5 in Spellcasting
  2115 | D:4      | Noticed Edmund
  2121 | D:4      | Noticed Grinder
  2385 | D:4      | You fall into a shaft and drop 2 floors!
  2393 | D:6      | Reached XP level 6. HP: 38/41 MP: 7/13
  2586 | D:6      | Noticed Prince Ribbit
  2722 | D:5      | Entered Level 5 of the Dungeon
  2736 | D:5      | Found a basalt altar of Yredelemnul.
  2888 | D:5      | Found a staircase to the Ecumenical Temple.
  2903 | Temple   | Entered the Ecumenical Temple
  2935 | Temple   | Became a worshipper of Vehumet
  3654 | D:5      | Found a burning altar of Makhleb.
  3832 | D:4      | Got a bronze leather armour
  4033 | D:4      | Identified the +3 leather armour "Vir Zesu" {rPois Str-2
                  | Stlth+} (You found it on level 4 of the Dungeon)
  4114 | D:5      | Gained mutation: You are surrounded by a moderate repulsion
                  | field. (EV +3) [demonic ancestry]
  4114 | D:5      | Reached XP level 7. HP: 24/46 MP: 7/15
  4389 | D:5      | Reached skill level 1 in Armour
  4721 | D:6      | Mangled by an orc warrior

Levels and vault maps discovered:
D:1:      eino_arrival_water_star, layout_basic
D:2:      layout_loops_cross, lemuel_crystal_altar
D:3:      layout_loops_ring, overflow_temple_1_default, xom_teletrap_fun,
          uniq_jessica
D:4:      layout_cave_pools, uniq_grinder, uniq_edmund
D:5:      layout_basic, nicolae_overflow_hidden_temple,
          yredelemnul_altar_generic, minmay_temple_entry_arrows, first_ration,
          serial_shops, shop
D:6:      layout_basic, serial_shops, nicolae_shop_waterfront,
          uniq_prince_ribbit1
Temple:   corrupted_temple

Skill      XL: |  1  2  3  4  5  6  7 |
---------------+----------------------+-----
Dodging        | 1 2 3 |  3.8
Conjurations   | 3 4 |  4.9
Spellcasting   | 5 |  5.8
Armour         | 1 |  1.1
Throwing       | |  1.0
Stealth        | |  1.0
Transmutations | |  1.0
Fire Magic     | |  1.0

Action                   |  1- 3 |  4- 6 |  7- 9 || total
-------------------------+-------+-------+-------++-------
Melee: Whip              |    16 |    28 |       ||    44
       Dagger            |     4 |       |       ||     4
 Cast: Magic Dart        |    43 |    85 |     6 ||   134
       Searing Ray       |     4 |    23 |     5 ||    32
  Use: Scroll            |     8 |     9 |     1 ||    18
 Stab: Sleeping          |     1 |       |       ||     1
  Eat: Chunk             |     1 |     9 |     1 ||    11
Armor: Robe              |     8 |     9 |       ||    17
       Leather armour    |       |     1 |     3 ||     4
Dodge: Dodged            |    21 |    63 |     4 ||    88

Table legend:
 A = Non-vault XP
 B = Vault XP
 C = Vault XP percentage of total XP
 D = Non-vault monster count
 E = Vault monster count
 F = Vault count percentage of total count
                 A         B        C        D         E       F
            +---------+---------+-------+---------+---------+-------
      Total |     926 |      37 |   3.8 |      88 |       1 |   1.1
            +---------+---------+-------+---------+---------+-------
        D:1 |      21 |       0 |   0.0 |      11 |       0 |   0.0
        D:2 |     192 |       0 |   0.0 |      27 |       0 |   0.0
        D:3 |      33 |      37 |  52.9 |      17 |       1 |   5.6
        D:4 |     267 |       0 |   0.0 |      18 |       0 |   0.0
        D:5 |     399 |       0 |   0.0 |      14 |       0 |   0.0
        D:6 |      14 |       0 |   0.0 |       1 |       0 |   0.0
            +---------+---------+-------+---------+---------+-------
